 Dungeon Crawl Stone Soup version 0.24.0-13-gcf9b319 (webtiles) character file.

Game seed: 16682026886653218597, levelgen mode: deterministic

16170 Fang the Fighter (level 12, -1/80 HPs)
             Began as a Gargoyle Berserker on Dec 5, 2019.
             Was a High Priest of Trog.
             Slain by a skeletal warrior
             ... wielding a +0 trident
             ... led by a death knight
              (4 damage)
             ... on level 11 of the Dungeon.
             The game lasted 00:10:33 (9106 turns).

Fang the Fighter (Gargoyle Berserker)               Turns: 9106, Time: 00:10:34

Health: -1/80      AC: 25    Str: 27    XL:     12   Next: 34%
Magic:  12/12      EV: 11    Int:  7    God:    Trog [*****.]
Gold:   687        SH:  0    Dex:  9    Spells: 11/11 levels left

rFire    + . .     SeeInvis +   H - +8 war axe "Dur Rire" {chop, rF+ MR+}
rCold    + . .     Gourm    .   (no shield)
rNeg     + . .     Faith    .   b - +2 plate armour
rPois    ∞         Spirit   .   (no helmet)
rElec    +         Reflect  .   (no cloak)
rCorr    .         Harm     .   (no gloves)
MR       +++..                  (no boots)
Stlth    ..........             l - amulet of rage
HPRegen  1.23/turn              g - ring of protection from cold
MPRegen  0.13/turn              v - ring of see invisible

@: berserk cooldown, regenerating, slowed, very slow
A: negative energy resistance 1, electricity resistance, unbreathing,
petrification resistance, rot immunity, AC +8
a: Berserk, Trog's Hand, Brothers in Arms, Renounce Religion, Evoke Berserk Rage


You were on level 11 of the Dungeon.
You worshipped Trog.
Trog was extremely pleased with you.
You were hungry.

You visited 2 branches of the dungeon, and saw 12 of its levels.
You also visited: Sewer and Ossuary.

You collected 807 gold pieces.
You spent 120 gold pieces at shops.

Inventory:

Hand Weapons
 a - a +0 war axe
 h - a cursed +3 war axe of freezing
 H - the +8 war axe "Dur Rire" (weapon) {chop, rF+ MR+}
   (You found it on level 7 of the Dungeon)

   It inflicts extra damage upon your enemies.
   It protects you from fire.
   It affects your resistance to hostile enchantments.
Armour
 b - a +2 plate armour (worn)
Jewellery
 d - an uncursed ring of resist corrosion
 g - a ring of protection from cold (left hand)
 l - an amulet of rage (around neck)
 v - a ring of see invisible (right hand)
 B - a +5 ring of evasion
Wands
 j - a wand of polymorph (4)
 G - a wand of acid (9)
 J - a wand of iceblast (11)
Scrolls
 e - 5 scrolls of teleportation
 i - 3 scrolls of blinking
 q - a scroll of fear
 s - a scroll of fog
 u - 2 scrolls of magic mapping
 y - 4 scrolls of remove curse
Potions
 f - 2 potions of invisibility
 k - 3 potions of flight
 m - 3 potions of curing
 n - a potion of ambrosia
 p - 8 potions of heal wounds
 r - a potion of berserk rage
 w - a potion of might
 z - a potion of haste
 C - 3 potions of mutation
 E - 2 potions of resistance {unknown}
Comestibles
 c - 17 rations
 o - 17 chunks of flesh


   Skills:
 + Level 11.3 Fighting
 + Level 9.6 Axes
 + Level 11.0 Armour
 + Level 8.5 Dodging


You had 11 spell levels left.
You didn't know any spells.
Your spell library was empty.

Dungeon Overview and Level Annotations

Branches:
Dungeon (11/15)            Temple (1/1) D:6            Lair (0/6) D:10
    Orc (0/2) D:11          Sewer (visited)         Ossuary (visited)

Altars:
Cheibriados
Dithmenos
Gozag
Hepliaklqana
Kikubaaqudgha
Nemelex Xobeh
Trog
Uskayaw
Vehumet
Yredelemnul

Shops:
D:6 !


Innate Abilities, Weirdness & Mutations

You are resistant to torment.
Your stone body is resilient. (AC +8)
You are immune to poison.
You resist negative energy. (rN+)
You are resistant to electric shocks. (rElec)
You can survive without breathing.
You are immune to petrification.
You are immune to rotting.


Message History

The death knight hits you with a +1 great sword!
* * * LOW HITPOINT WARNING * * *
You slash the death knight!
The death knight is almost dead.
You slash the skeletal warrior!
You destroy the skeletal warrior!
Trog accepts your kill.
Your Armour skill increases to level 11!
The death knight reflects your damage back at you!
* * * LOW HITPOINT WARNING * * *
You are no longer berserk.
You are exhausted.
You feel yourself slow down.
You slash the death knight!
You kill the death knight!
Trog accepts your kill.
Your damage is reflected back at you!
* * * LOW HITPOINT WARNING * * *
The skeletal warrior hits you from afar with a +0 trident.
You die...

#..#
#.......####
#(.##
######((#
#...# #.(##
##..# ##.(##
#..# #.(.##
#..# #.(..#
#..# #()..##
#..# #())..#
#..# #.@)..#
#..# #.)...#
#..#
#..z...#
##.##
#........#
#..#
#........#
#..##
.........#
#...##
#.........#
#....##
##........#
#.....##


You could see a skeletal warrior.

Vanquished Creatures
  A centaur warrior (D:10)
  A death knight (D:11)
  A two-headed ogre (D:9)
  A skeletal warrior (D:11)
  An unseen horror (D:11)
  2 manticores (D:11)
  An oklob plant (D:10)
  A cyclops (D:11)
  Joseph (D:10)
  2 centaur skeletons
  A troll (D:10)
  A harpy skeleton (D:11)
  2 wraiths (D:11)
  25 yaks
  Edmund (D:5)
  Duvessa (D:4)
  An ice beast (D:7)
  An orc warrior (D:10)
  2 phantoms
  4 sky beasts
  7 ogres
  2 crocodiles
  9 centaurs
  A big kobold (D:10)
  10 bullfrogs
  Dowan (D:4)
  A wyvern skeleton (D:10)
  3 scorpions
  6 howler monkeys
  14 wights (D:10)
  9 crimson imps
  A bullfrog zombie (D:7)
  5 centaur zombies
  2 hounds
  2 human zombies (Ossuary)
  3 jellies
  3 orc priests
  10 orc wizards
  3 iguanas
  Natasha (thrice) (D:3)
  6 worker ants
  A killer bee zombie (D:9)
  A big kobold zombie (Ossuary)
  A hound zombie (D:10)
  A hound skeleton (D:4)
  4 mummies (Ossuary)
  3 worker ant zombies
  12 adders
  A river rat (D:3)
  3 shadow imps
  An ooze (D:2)
  3 adder skeletons
  2 worms
  3 dart slugs
  7 leopard geckos
  32 orcs
  3 bats
  7 giant cockroaches
  A gnoll zombie (Ossuary)
  8 goblins
  11 hobgoblins
  2 jackals (Sewer)
  10 kobolds
  8 quokkas
  A ball python (D:4)
  3 frilled lizards
  A kobold zombie (Ossuary)
  2 leopard gecko zombies
  An orc zombie (Ossuary)
  3 quokka skeletons
  2 quokka zombies
  6 rats
296 creatures vanquished.

Notes
Turn   | Place    | Note
-------+----------+-------------------------------------------
     0 | D:1      | Fang the Gargoyle Berserker began the quest for the Orb.
     0 | D:1      | Reached XP level 1. HP: 14/14 MP: 1/1
   258 | D:1      | Reached XP level 2. HP: 18/19 MP: 2/2
  1038 | D:2      | Reached XP level 3. HP: 18/23 MP: 3/3
  1139 | D:2      | Found a radiant altar of Vehumet.
  1218 | D:2      | Reached ** piety under Trog
  1345 | D:2      | Found a bloodstained altar of Trog.
  1430 | D:2      | Reached XP level 4. HP: 29/29 MP: 4/4
  1738 | D:3      | Found a glowing drain.
  1742 | Sewer    | Entered a sewer
  1904 | Sewer    | Noticed a crocodile
  1911 | Sewer    | Killed a crocodile
  1911 | Sewer    | Reached XP level 5. HP: 33/33 MP: 5/5
  1965 | Sewer    | Got a smoking battleaxe
  1966 | Sewer    | Identified the +5 battleaxe of the Tomato {drain, MR+ Str-3
                  | Int+8} (You found it in a sewer)
  2075 | D:3      | Noticed Natasha
  2087 | D:3      | Killed Natasha
  2177 | D:3      | Found a faded altar of an unknown god.
  2240 | D:3      | Found a snail-covered altar of Cheibriados.
  2287 | D:3      | Found a shadowy altar of Dithmenos.
  2385 | D:3      | Noticed Natasha
  2398 | D:3      | Killed Natasha
  2398 | D:3      | Reached XP level 6. HP: 32/39 MP: 6/6
  2501 | D:3      | Found an opulent altar of Gozag.
  2502 | D:3      | Found an ancient bone altar of Kikubaaqudgha.
  2547 | D:3      | Noticed Natasha
  2559 | D:3      | Killed Natasha
  2845 | D:4      | Noticed Duvessa
  2845 | D:4      | Noticed Dowan
  2853 | D:4      | Killed Duvessa
  2853 | D:4      | Reached skill level 5 in Fighting
  2871 | D:4      | Killed Dowan
  2871 | D:4      | Reached XP level 7. HP: 34/44 MP: 7/7
  2921 | D:4      | Reached *** piety under Trog
  3191 | D:4      | Reached skill level 5 in Armour
  3571 | D:5      | Entered Level 5 of the Dungeon
  3580 | D:5      | Reached XP level 8. HP: 37/51 MP: 8/8
  3964 | D:5      | Reached skill level 5 in Axes
  3980 | D:5      | Noticed Edmund
  3995 | D:5      | Killed Edmund
  4373 | D:6      | Found a basalt altar of Yredelemnul.
  4571 | D:6      | Found Oduanuifu's Distillery.
  4582 | D:6      | Bought a potion of heal wounds for 60 gold pieces
  4582 | D:6      | Bought a potion of heal wounds for 60 gold pieces
  4663 | D:6      | Found a sand-covered staircase.
  4675 | Ossuary  | Entered an ossuary
  4877 | Ossuary  | Reached **** piety under Trog
  5026 | D:6      | Reached XP level 9. HP: 57/57 MP: 9/9
  5073 | D:6      | Reached skill level 5 in Dodging
  5186 | D:6      | Found a staircase to the Ecumenical Temple.
  5205 | Temple   | Entered the Ecumenical Temple
  5314 | D:6      | Found a hide-covered altar of Uskayaw.
  5520 | D:7      | Got a scorched war axe
  5521 | D:7      | Identified the +8 war axe "Dur Rire" {chop, rF+ MR+} (You
                  | found it on level 7 of the Dungeon)
  5561 | D:7      | Found a sparkling altar of Nemelex Xobeh.
  5648 | D:7      | Found a hazy altar of Hepliaklqana.
  5782 | D:7      | Found a sparkling altar of Nemelex Xobeh.
  6954 | D:9      | Reached ***** piety under Trog
  6978 | D:9      | Reached XP level 10. HP: 54/64 MP: 10/10
  7142 | D:9      | Noticed a two-headed ogre
  7146 | D:9      | Killed a two-headed ogre
  7392 | D:10     | Entered Level 10 of the Dungeon
  7415 | D:10     | Received a gift from Trog
  7438 | D:10     | Found a sparkling altar of Nemelex Xobeh.
  7444 | D:10     | Noticed a centaur warrior
  7462 | D:10     | Killed a centaur warrior
  7710 | D:10     | Noticed Joseph
  7720 | D:10     | Killed Joseph
  7731 | D:10     | Noticed an oklob plant
  7732 | D:10     | Found a staircase to the Lair.
  7744 | D:10     | Killed an oklob plant
  7744 | D:10     | Reached XP level 11. HP: 52/72 MP: 11/11
  7942 | D:10     | Reached skill level 10 in Fighting
  8318 | D:11     | Noticed an unseen horror
  8323 | D:11     | Killed an unseen horror
  8323 | D:11     | Reached skill level 10 in Armour
  8333 | D:11     | Found a staircase to the Orcish Mines.
  8415 | D:11     | Noticed a manticore
  8425 | D:11     | Killed a manticore
  8761 | D:11     | Noticed a cyclops
  8773 | D:11     | Killed a cyclops
  8773 | D:11     | Reached XP level 12. HP: 59/79 MP: 12/12
  9088 | D:11     | Noticed a death knight
  9089 | D:11     | Received a gift from Trog
  9106 | D:11     | Killed a death knight
  9106 | D:11     | HP: 2/80 [mirror damage (4)]
  9106 | D:11     | Slain by a skeletal warrior

Levels and vault maps discovered:
D:1:      scummos_arrival_forest, layout_loops_ring
D:2:      layout_rooms, lightli_temple_of_fire, vehumet_crystals,
          wander_ebering_terrifying_dragon_lair
D:3:      layout_loops_ring, lemuel_doored_altar, kennysheep_slug_shrine,
          gammafunk_temple_overflow_pools, gup_sewer_entry_bowl,
          chequers_ecumenical_altar_grove, uniq_natasha
D:4:      layout_loops_ring, first_ration, uniq_duvessa
D:5:      layout_basic, uniq_edmund
D:6:      layout_loops_ring, lemuel_crystal_altar, marbit_many_paths,
          minmay_temple_entry_junction, nicolae_ossuary_entry_plus,
          serial_shops, shop_coins
D:7:      layout_rooms, lemuel_round_altar, lemuel_crystal_altar,
          nemelex_spade_bored_becter
D:8:      layout_gridville
D:9:      layout_roguey
D:10:     layout_long_grid, dpeg_oklobed_lair, basic_altar, uniq_joseph
D:11:     layout_cave_pods, orc_0_dummy
Temple:   minmay_temple_bridge_abc

Skill      XL: |  1  2  3  4  5  6  7  8  9 10 11 12 |
---------------+-------------------------------------+-----
Dodging        | 2 3 4 5 7 8 |  8.5
Axes           | 3 4 5 6 8 9 |  9.6
Armour         | 3 4 5 6 7 9 10 11 | 11.0
Fighting       | 4 5 7 8 9 10 11 | 11.3

Action                   |  1- 3 |  4- 6 |  7- 9 | 10-12 || total
-------------------------+-------+-------+-------+-------++-------
Melee: Hand axe          |   115 |   159 |   409 |       ||   683
       Unarmed           |       |     3 |       |       ||     3
       War axe           |       |       |    91 |   334 ||   425
Invok: Berserk           |     1 |     2 |     3 |     1 ||     7
       Trog's Hand       |       |       |       |     1 ||     1
  Use: Scroll            |       |       |    21 |     3 ||    24
  Eat: Chunk             |     3 |     7 |    16 |     8 ||    34
Armor: Animal skin       |    21 |       |       |       ||    21
       Plate armour      |    42 |   123 |   267 |   228 ||   660
Dodge: Dodged            |    59 |    62 |   227 |   180 ||   528
